TOP OF THE 1ST |
Houston Astros batting - Pitching for Baltimore Orioles : LHP Randy Johnson Jr.
|
Pitching: LHP Randy Johnson Jr.
|
|
Batting: RHB Chang-wei Jiang
|
0-0: Called Strike 0-1: Swinging Strike 0-2: Ball 1-2: Strikes out swinging
|
Batting: RHB Chris Lane
|
0-0: DOUBLE (Line Drive, 7LS, EV 95.0 MPH)
|
Batting: RHB Jeremy Trump
|
0-0: Ball 1-0: Ball 2-0: Foul Ball, location: 2F 2-1: Called Strike 2-2: Ball 3-2: 2-RUN HOME RUN (Flyball, 7D, EV 101.9 MPH), Distance : 407 ft
|
Batting: RHB Matt Thompson
|
0-0: Foul Ball, location: 2F 0-1: SINGLE (Groundball, 4D, EV 100.0 MPH)
|
Batting: SHB Joe Gardner
|
0-0: Ball 1-0: Ball 2-0: DOUBLE (Line Drive, 9LM, EV 109.4 MPH) Matt Thompson to third
|
Batting: RHB Antonio Aranda
|
0-0: Called Strike 0-1: Ball 1-1: Fly out, F8 (Flyball, 8LXD, EV 75.0 MPH) Runner from 3rd tags up, SCORES, no throw by CF Joe Gardner to third
|
Batting: RHB Nick Gentzel
|
0-0: Called Strike 0-1: Ball 1-1: Ball 2-1: Swinging Strike 2-2: Fly out, F8 (Flyball, 8RM, EV 90.6 MPH)
|
Top of the 1st over - 3 runs, 4 hits, 0 errors, 1 left on base; Houston 3 - Baltimore 0 |
BOTTOM OF THE 1ST |
Baltimore Orioles batting - Pitching for Houston Astros : RHP Salisbury Swanson
|
Pitching: RHP Salisbury Swanson
|
|
Batting: LHB Jesus Lozano
|
0-0: Ball 1-0: Called Strike 1-1: Swinging Strike 1-2: Ball 2-2: TRIPLE (Flyball, 89XD, EV 90.0 MPH)
|
Batting: RHB Saimei Kudo
|
0-0: Foul Ball, location: 2F 0-1: Called Strike 0-2: Strikes out swinging
|
Batting: RHB Rudo Garciaparra
|
0-0: Ball 1-0: Called Strike 1-1: Foul Ball, location: 2F 1-2: Ball 2-2: Foul Ball, location: 2F 2-2: Ball 3-2: Strikes out looking
|
Batting: LHB Ernesto Cedillos
|
0-0: Foul Ball, location: 2F 0-1: Ground out 4-3 (Groundball, 4, EV 88.1 MPH)
|
Bottom of the 1st over - 0 runs, 1 hit, 0 errors, 1 left on base; Houston 3 - Baltimore 0 |
TOP OF THE 2ND |
Houston Astros batting - Pitching for Baltimore Orioles : LHP Randy Johnson Jr.
|
Batting: SHB Troy Kenyon
|
0-0: Ball 1-0: Foul Ball, location: 2F 1-1: Ball 2-1: Ball 3-1: Base on Balls
|
Batting: LHB Bryce Hill
|
0-0: Fly out, F2 (Popup, 2LF, EV 90.6 MPH)
|
Batting: RHB Chang-wei Jiang
|
0-0: Ball 1-0: Foul Ball, location: 2F 1-1: Ball 2-1: Foul Ball, location: 2F 2-2: Ball 3-2: Fielders Choice at 2nd, 1-6 (Groundball, 13S, EV 71.2 MPH)
|
Batting: RHB Chris Lane
|
0-0: Ball 1-0: SINGLE (Groundball, 5S, EV 72.5 MPH) (infield hit) Chang-wei Jiang to second
|
Batting: RHB Jeremy Trump
|
0-0: Called Strike 0-1: Ball 1-1: Ball 2-1: Ball 3-1: Base on Balls Chang-wei Jiang to third Chris Lane to second
|
Batting: RHB Matt Thompson
|
0-0: Foul Ball, location: 2F 0-1: Fielders Choice at 2nd, 6-4 (Groundball, 6, EV 92.5 MPH)
|
Top of the 2nd over - 0 runs, 1 hit, 0 errors, 3 left on base; Houston 3 - Baltimore 0 |
BOTTOM OF THE 2ND |
Baltimore Orioles batting - Pitching for Houston Astros : RHP Salisbury Swanson
|
Batting: SHB Robert Handy
|
0-0: Called Strike 0-1: Ball 1-1: Ball 2-1: Ball 3-1: Foul Ball, location: 2F 3-2: DOUBLE (Flyball, 89XD, EV 96.2 MPH)
|
Batting: LHB Paul Diaz
|
0-0: Called Strike 0-1: Called Strike 0-2: Ball 1-2: Foul Ball, location: 2F 1-2: Ball 2-2: Foul Ball, location: 2F 2-2: DOUBLE (Line Drive, 9LM, EV 94.4 MPH) Robert Handy scores
|
Batting: LHB Ben Goldstein
|
0-0: Ball 1-0: Fly out, F7 (Flyball, 7, EV 96.9 MPH)
|
Batting: RHB Blake Ballard
|
0-0: SINGLE (Line Drive, 4D, EV 99.4 MPH) Paul Diaz to third
|
Batting: LHB Bob Melley
|
0-0: Called Strike Blake Ballard steals 2nd base 0-1: Foul Ball, location: 2F 0-2: Fly out, F8 (Flyball, 8LM, EV 76.9 MPH)
|
Batting: LHB Jesus Lozano
|
0-0: Foul Ball, location: 2F 0-1: Foul Ball, location: 2F 0-2: Ball 1-2: Fly out, F8 (Flyball, 8LM, EV 90.0 MPH)
|
Bottom of the 2nd over - 1 run, 3 hits, 0 errors, 2 left on base; Houston 3 - Baltimore 1 |
TOP OF THE 3RD |
Houston Astros batting - Pitching for Baltimore Orioles : LHP Randy Johnson Jr.
|
Batting: SHB Joe Gardner
|
0-0: Called Strike 0-1: Fly out, F7 (Flyball, 7, EV 96.9 MPH)
|
Batting: RHB Antonio Aranda
|
0-0: Called Strike 0-1: Ball 1-1: Ball 2-1: Foul Ball, location: 2F 2-2: Ground out 6-3 (Groundball, 6, EV 85.0 MPH)
|
Batting: RHB Nick Gentzel
|
0-0: Ball 1-0: Called Strike 1-1: Ball 2-1: Ball 3-1: Base on Balls
|
Batting: SHB Troy Kenyon
|
0-0: Ball 1-0: Ball 2-0: Called Strike 2-1: Foul Ball, location: 2F 2-2: Ball 3-2: Strikes out swinging
|
Top of the 3rd over - 0 runs, 0 hits, 0 errors, 1 left on base; Houston 3 - Baltimore 1 |
BOTTOM OF THE 3RD |
Baltimore Orioles batting - Pitching for Houston Astros : RHP Salisbury Swanson
|
Batting: RHB Saimei Kudo
|
0-0: Ball 1-0: Ball 2-0: Ball 3-0: Called Strike 3-1: Base on Balls
|
Batting: RHB Rudo Garciaparra
|
Pickoff Play to 1st, Runner tries for 2nd, OUT after rundown. 0-0: Swinging Strike 0-1: Ball 1-1: Ball 2-1: Called Strike 2-2: Ball 3-2: Foul Ball, location: 2F 3-2: Base on Balls
|
Batting: LHB Ernesto Cedillos
|
0-0: Called Strike 0-1: Ball Wild Pitch! Rudo Garciaparra to second 1-1: Ball 2-1: Called Strike Rudo Garciaparra steals 3rd base 2-2: Strikes out swinging
|
Batting: SHB Robert Handy
|
0-0: Called Strike 0-1: Foul Ball, location: 2F 0-2: Ball 1-2: SINGLE (Groundball, 34D, EV 105.0 MPH) Rudo Garciaparra scores
|
Batting: LHB Paul Diaz
|
0-0: Ball 1-0: Fly out, F5 (Popup, 5SF, EV 82.5 MPH)
|
Bottom of the 3rd over - 1 run, 1 hit, 0 errors, 1 left on base; Houston 3 - Baltimore 2 |
TOP OF THE 4TH |
Houston Astros batting - Pitching for Baltimore Orioles : LHP Randy Johnson Jr.
|
Batting: LHB Bryce Hill
|
0-0: Ball 1-0: Swinging Strike 1-1: Ball 2-1: Foul Ball, location: 2F 2-2: Strikes out swinging
|
Batting: RHB Chang-wei Jiang
|
0-0: Ball 1-0: Ball 2-0: Called Strike 2-1: Swinging Strike 2-2: Foul Ball, location: 2F 2-2: Ball 3-2: Ground out 6-3 (Groundball, 6, EV 85.0 MPH)
|
Batting: RHB Chris Lane
|
0-0: Ball 1-0: Ball 2-0: Ground out 1-3 (Groundball, 13, EV 66.2 MPH)
|
Top of the 4th over - 0 runs, 0 hits, 0 errors, 0 left on base; Houston 3 - Baltimore 2 |
BOTTOM OF THE 4TH |
Baltimore Orioles batting - Pitching for Houston Astros : RHP Salisbury Swanson
|
Batting: LHB Ben Goldstein
|
0-0: Ground out 4-3 (Groundball, 4, EV 82.5 MPH)
|
Batting: RHB Blake Ballard
|
0-0: Called Strike 0-1: Foul Ball, location: 2F 0-2: DOUBLE (Line Drive, 89D, EV 103.1 MPH)
|
Batting: LHB Bob Melley
|
0-0: Ground out 4-3 (Groundball, 34D, EV 101.2 MPH) Blake Ballard to third
|
Batting: LHB Jesus Lozano
|
0-0: Called Strike 0-1: Ball 1-1: Ball 2-1: Ball 3-1: Foul Ball, location: 2F 3-2: Base on Balls
|
Batting: RHB Saimei Kudo
|
0-0: Ball Wild Pitch! Blake Ballard scores Jesus Lozano to second 1-0: Ball 2-0: Foul Ball, location: 2F 2-1: Foul Ball, location: 2F 2-2: Foul Ball, location: 2F 2-2: Foul Ball, location: 2F 2-2: Strikes out swinging
|
Bottom of the 4th over - 1 run, 1 hit, 0 errors, 1 left on base; Houston 3 - Baltimore 3 |
TOP OF THE 5TH |
Houston Astros batting - Pitching for Baltimore Orioles : LHP Randy Johnson Jr.
|
Batting: RHB Jeremy Trump
|
0-0: Swinging Strike 0-1: Fly out, F9 (Flyball, 9S, EV 80.6 MPH)
|
Batting: RHB Matt Thompson
|
0-0: Ball 1-0: Swinging Strike 1-1: Foul Ball, location: 2F 1-2: Strikes out looking
|
Batting: SHB Joe Gardner
|
0-0: Ball 1-0: Ball 2-0: Ball 3-0: Called Strike 3-1: Base on Balls
|
Batting: RHB Antonio Aranda
|
0-0: Called Strike 0-1: Swinging Strike 0-2: Foul Ball, location: 2F 0-2: Fly out, F4 (Popup, 23, EV 91.9 MPH)
|
Top of the 5th over - 0 runs, 0 hits, 0 errors, 1 left on base; Houston 3 - Baltimore 3 |
BOTTOM OF THE 5TH |
Baltimore Orioles batting - Pitching for Houston Astros : RHP Salisbury Swanson
|
Batting: RHB Rudo Garciaparra
|
0-0: Ball 1-0: Ball 2-0: Called Strike 2-1: Ball 3-1: Base on Balls
|
Batting: LHB Ernesto Cedillos
|
0-0: Called Strike 0-1: Foul Ball, location: 2F 0-2: Foul Ball, location: 2F 0-2: Foul Ball, location: 2F 0-2: Ball 1-2: Foul Ball, location: 2F 1-2: Ball 2-2: Fly out, F7 (Line Drive, 7, EV 91.2 MPH)
|
Batting: SHB Robert Handy
|
0-0: Ball Rudo Garciaparra steals 2nd base 1-0: Ball 2-0: Fly out, F8 (Flyball, 89M, EV 82.5 MPH)
|
Batting: LHB Paul Diaz
|
0-0: Ball 1-0: Called Strike 1-1: Ball 2-1: Swinging Strike 2-2: 2-RUN HOME RUN (Flyball, 9D, EV 94.4 MPH), Distance : 380 ft
|
Pitching: RHP Willie Jimenez
|
|
Batting: LHB Ben Goldstein
|
0-0: Called Strike 0-1: Ball 1-1: Ball 2-1: DOUBLE (Line Drive, 78M, EV 95.0 MPH)
|
Batting: RHB Blake Ballard
|
0-0: Ball 1-0: Ball 2-0: Called Strike 2-1: Swinging Strike 2-2: Strikes out swinging
|
Bottom of the 5th over - 2 runs, 2 hits, 0 errors, 1 left on base; Houston 3 - Baltimore 5 |
TOP OF THE 6TH |
Houston Astros batting - Pitching for Baltimore Orioles : LHP Randy Johnson Jr.
|
Batting: RHB Nick Gentzel
|
0-0: Ball 1-0: Ball 2-0: Ground out 3-1 (Groundball, 34S, EV 88.8 MPH)
|
Batting: SHB Troy Kenyon
|
0-0: Called Strike 0-1: Fly out, F3 (Flyball, 3D, EV 87.5 MPH)
|
Batting: LHB Bryce Hill
|
0-0: Ball 1-0: Ball 2-0: Ground out 6-3 (Groundball, 6, EV 88.1 MPH)
|
Top of the 6th over - 0 runs, 0 hits, 0 errors, 0 left on base; Houston 3 - Baltimore 5 |
BOTTOM OF THE 6TH |
Baltimore Orioles batting - Pitching for Houston Astros : RHP Willie Jimenez
|
Batting: LHB Bob Melley
|
0-0: Ball 1-0: Ball 2-0: Ball 3-0: Called Strike 3-1: Base on Balls
|
Batting: LHB Jesus Lozano
|
0-0: Ball Bob Melley steals 2nd base 1-0: Swinging Strike 1-1: Called Strike 1-2: Strikes out swinging
|
Batting: RHB Saimei Kudo
|
0-0: Called Strike 0-1: Foul Ball, location: 2F 0-2: Ball 1-2: SINGLE (Groundball, P, EV 93.8 MPH) (infield hit) Bob Melley to third
|
Batting: RHB Rudo Garciaparra
|
0-0: Called Strike Saimei Kudo steals 2nd base 0-1: Foul Ball, location: 2F 0-2: 3-RUN HOME RUN (Flyball, 89XD, EV 100.6 MPH), Distance : 387 ft
|
Pitching: LHP Curt Joseph
|
|
Batting: LHB Ernesto Cedillos
|
0-0: Fly out, F8 (Flyball, 8LD, EV 86.2 MPH)
|
Batting: SHB Robert Handy
|
0-0: Ball 1-0: Ball 2-0: Ground out U3 (Groundball, 34S, EV 70.0 MPH)
|
Bottom of the 6th over - 3 runs, 2 hits, 0 errors, 0 left on base; Houston 3 - Baltimore 8 |
TOP OF THE 7TH |
Houston Astros batting - Pitching for Baltimore Orioles : LHP Randy Johnson Jr.
|
Pitching: LHP Justin Dine
|
|
Batting: RHB Chang-wei Jiang
|
0-0: Ball 1-0: Ball 2-0: Called Strike 2-1: Fly out, F7 (Flyball, 78M, EV 79.4 MPH)
|
Batting: RHB Chris Lane
|
0-0: SINGLE (Flyball, 6D, EV 81.9 MPH)
|
Batting: RHB Jeremy Trump
|
0-0: Ball 1-0: Ground out 6-3 (Groundball, 6MS, EV 68.8 MPH) Chris Lane to second
|
Batting: RHB Matt Thompson
|
0-0: Ground out 6-3 (Groundball, 6S, EV 84.4 MPH)
|
Top of the 7th over - 0 runs, 1 hit, 0 errors, 1 left on base; Houston 3 - Baltimore 8 |
BOTTOM OF THE 7TH |
Baltimore Orioles batting - Pitching for Houston Astros : LHP Curt Joseph
|
Batting: LHB Paul Diaz
|
0-0: Ball 1-0: Called Strike 1-1: Fly out, F8 (Flyball, 89D, EV 106.9 MPH)
|
Batting: LHB Ben Goldstein
|
0-0: Ball 1-0: Ground out U3 (Groundball, 34S, EV 90.6 MPH)
|
Batting: RHB Blake Ballard
|
0-0: Ball 1-0: Ball 2-0: Called Strike 2-1: Foul Ball, location: 2F 2-2: Ball 3-2: Foul Ball, location: 2F 3-2: Base on Balls
|
Batting: LHB Bob Melley
|
0-0: Foul Ball, location: 2F 0-1: Called Strike 0-2: Ball 1-2: Foul Ball, location: 2F 1-2: Strikes out swinging
|
Bottom of the 7th over - 0 runs, 0 hits, 0 errors, 1 left on base; Houston 3 - Baltimore 8 |
TOP OF THE 8TH |
Houston Astros batting - Pitching for Baltimore Orioles : LHP Justin Dine
|
Batting: SHB Joe Gardner
|
0-0: Ball 1-0: Called Strike 1-1: Called Strike 1-2: Ball 2-2: Ball 3-2: Strikes out swinging
|
Batting: RHB Antonio Aranda
|
0-0: Called Strike 0-1: Foul Ball, location: 2F 0-2: Foul Ball, location: 2F 0-2: Ball 1-2: Ball 2-2: Ball 3-2: Ground out 5-3 (Groundball, 56S, EV 68.8 MPH)
|
Batting: RHB Nick Gentzel
|
0-0: Fly out, F8 (Flyball, 8RM, EV 87.5 MPH)
|
Top of the 8th over - 0 runs, 0 hits, 0 errors, 0 left on base; Houston 3 - Baltimore 8 |
BOTTOM OF THE 8TH |
Baltimore Orioles batting - Pitching for Houston Astros : LHP Curt Joseph
|
Batting: LHB Jesus Lozano
|
0-0: Ball 1-0: Ball 2-0: Ball 3-0: Base on Balls
|
Batting: RHB Saimei Kudo
|
0-0: Ball 1-0: Fly out, F9 (Line Drive, 9S, EV 95.0 MPH)
|
Batting: RHB Rudo Garciaparra
|
0-0: Ball 1-0: Foul Ball, location: 2F 1-1: Ball 2-1: Foul Ball, location: 2F 2-2: Ball 3-2: SINGLE (Flyball, 6D, EV 90.6 MPH) Jesus Lozano to second Jesus Lozano to third
|
Batting: LHB Ernesto Cedillos
|
0-0: Foul Ball, location: 2F 0-1: Called Strike 0-2: Strikes out swinging
|
Batting: SHB Robert Handy
|
0-0: Called Strike 0-1: Ball 1-1: Fielders Choice at 2nd, 6-4 (Groundball, 6, EV 80.0 MPH)
|
Bottom of the 8th over - 0 runs, 1 hit, 0 errors, 2 left on base; Houston 3 - Baltimore 8 |
TOP OF THE 9TH |
Houston Astros batting - Pitching for Baltimore Orioles : LHP Justin Dine
|
Batting: SHB Troy Kenyon
|
0-0: Called Strike 0-1: SINGLE (Line Drive, 34D, EV 94.4 MPH)
|
Batting: LHB Bryce Hill
|
0-0: Called Strike 0-1: Ball 1-1: Fly out, F4 (Popup, 13S, EV 91.2 MPH)
|
Batting: RHB Chang-wei Jiang
|
0-0: Called Strike 0-1: Ball 1-1: Ball 2-1: Called Strike 2-2: Ball 3-2: Foul Ball, location: 2F 3-2: Strikes out looking
|
Pitching: RHP Jose Rico
|
|
Batting: RHB Chris Lane
|
0-0: Called Strike 0-1: Ball 1-1: Reached on error, E4 (Groundball, 4, EV 87.5 MPH) Troy Kenyon to second
|
Batting: RHB Jeremy Trump
|
0-0: Ball 1-0: Called Strike 1-1: Swinging Strike 1-2: Strikes out looking
|
Top of the 9th over - 0 runs, 1 hit, 1 error, 2 left on base; Houston 3 - Baltimore 8 |
|